 Dungeon Crawl Stone Soup version 0.31-a0-841-g038b102fc3 (webtiles) character file.

Game seed: 14177318539239454158

87511 freelancePsychic the Fighter (level 15, -3/190 HPs)
             Began as a Troll Conjurer on Sept 26, 2023.
             Was the Champion of Cheibriados.
             Slain by a sun demon (12 damage)
             ... summoned by an orc sorcerer
             ... while paralysed by an orc sorcerer
             ... on level 2 of the Orcish Mines on Sept 27, 2023.
             The game lasted 00:36:41 (23583 turns).

freelancePsychic the Fighter (Troll Conjurer)      Turns: 23583, Time: 00:36:41

Health: -3/190     AC:  9    Str: 39    XL:     15   Next: 43%
Magic:  18/18      EV:  1    Int: 35    God:    Cheibriados [******]
Gold:   1829       SH:  0    Dex: 25    Spells: 14/16 levels left

rFire   . . .        m - melded +7 staff of the Meek {protect, meekguard}
rCold   . . .        (shield currently unavailable)
rNeg    . . .        K - melded +0 acid dragon scales
rPois   +            S - melded +0 hat {SInv}
rElec   +            v - melded +0 cloak
rCorr   +            (gloves unavailable)
SInv    .            (boots unavailable)
Will    +....        f - amulet "Hualaocw" {Acrobat rCorr}
Stlth   ++           l - +6 ring of intelligence
HPRegen 1.31/turn    D - ring "Goanam" {rElec rPois rCorr Str-4}
MPRegen 0.16/turn

%: acrobat
@: paralysed, about to teleport, snake-form, very slow
A: constrict, boosted hp, large, unfitting armour, (claws 3), regeneration 1,
(shaggy fur 1), (tough skin 1)
a: Begin Untransformation, Renounce Religion, Bend Time, Temporal Distortion,
Slouch, Step From Time


You were on level 2 of the Orcish Mines.
You worshipped Cheibriados.
Cheibriados was exalted by your worship.
You were an enormous anaconda.
You visited 4 branches of the dungeon, and saw 23 of its levels.
You also visited: Ossuary.

You collected 2073 gold pieces.
You spent 244 gold pieces at shops.

Inventory:

Hand Weapons
 m - the +7 staff of the Meek (melded) {protect, meekguard}
   (You found it on level 2 of the Dungeon)
 C - the +10 mace "Ympeyt Osen" {freeze, Will+ Str+2 Int-3 Dex+4}
   (You found it on level 7 of the Dungeon)

   Str+2:     It affects your strength (+2).
   Int-3:     It affects your intelligence (-3).
   Dex+4:     It affects your dexterity (+4).
   Will+:     It increases your willpower.
Missiles
 q - 26 poisoned darts
 H - 5 javelins (quivered)
 X - 28 large rocks
 Z - 5 atropa-tipped darts
Armour
 v - a +0 cloak (melded)
 J - a +0 tower shield
 K - +0 acid dragon scales (melded)
 S - a +0 hat of see invisible (melded)
Jewellery
 f - the amulet "Hualaocw" (around neck) {Acrobat rCorr}
   (You found it on level 1 of the Lair of Beasts)

   [amulet of the acrobat]

   Acrobat:   It increases your evasion while moving and waiting.
   rCorr:     It protects you from acid and corrosion.
 l - a +6 ring of intelligence (left hand)
 D - the ring "Goanam" (right hand) {rElec rPois rCorr Str-4}
   (You found it on level 7 of the Dungeon)

   [ring of resist corrosion]

   Str-4:     It affects your strength (-4).
   rElec:     It insulates you from electricity.
   rPois:     It protects you from poison rCorr: It protects you from acid and
   corrosion.
 P - a +6 ring of intelligence
 R - a ring of wizardry
Talismans
 a - a serpent talisman (active)
 Y - a blade talisman
Wands
 k - a wand of polymorph (12)
 r - a wand of quicksilver (1)
 s - a wand of charming (11)
 u - a wand of mindburst (49)
 A - a wand of digging (10)
 E - a wand of roots (20)
 O - a wand of flame (34)
Scrolls
 c - 6 scrolls of enchant weapon
 h - 2 scrolls of noise
 n - 4 scrolls of fog
 x - 5 scrolls of vulnerability
 y - 3 scrolls of teleportation {@r4}
 B - 4 scrolls of revelation
 M - 3 scrolls of silence
 N - 2 scrolls of fear
 Q - 9 scrolls of identify {@r1}
 T - a scroll of blinking
 V - a scroll of immolation
 W - 5 scrolls of enchant armour
Potions
 b - 2 potions of magic
 e - 4 potions of might
 g - 4 potions of curing {@q1}
 i - 7 potions of enlightenment
 j - a potion of resistance {unknown}
 o - a potion of berserk rage
 p - 12 potions of degeneration
 t - 4 potions of brilliance
 w - 2 potions of attraction
 z - a potion of ambrosia {unknown}
 F - a potion of lignification
 G - a potion of invisibility
 I - 2 potions of heal wounds {unknown}
 L - 2 potions of mutation {unknown}
Miscellaneous
 d - a sack of spiders


   Skills:
 + Level 13.1 Fighting
 - Level 3.9 Staves
 - Level 5.1 Throwing
 * Level 11.7 Dodging
 - Level 1.0 Stealth
 + Level 12.3 Unarmed Combat
 - Level 1.2 Spellcasting
 - Level 3.2 Conjurations
 - Level 6.3 Invocations
 - Level 10.0 Shapeshifting


You had 14 spell levels left.
You knew the following spells:

 Your Spells              Type           Power      Damage    Failure   Level
b - Searing Ray           Conj           48%        2d6       2%          2

Your spell library contained the following spells:

 Spells                   Type           Power      Damage    Failure   Level
 Magic Dart               Conj           96%        1d7       1%          1
 Shock                    Conj/Air       52%        1d6       3%          1
 Apportation              Tloc           4%         N/A       6%          1
 Slow                     Hex            8%         N/A       6%          1
 Cigotuvi's Dreadful Rot  Necr/Pois/Air  4%         N/A       10%         2
 Jinxbite                 Hex            4%         N/A       10%         2
 Dazzling Flash           Conj/Hex       26%        N/A       10%         3
 Confusing Touch          Hex            2%         N/A       19%         3
 Sigil of Binding         Hex            2%         N/A       19%         3
 Swiftness                Air            2%         N/A       19%         3
 Vampiric Draining        Necr           2%         2d6       19%         3
 Volatile Blastmotes      Fire/Tloc      4%         2d10      19%         3
 Fulminant Prism          Conj/Hex       6%         3d7       30%         4
 Iskenderun's Mystic Bla  Conj/Tloc      13%        2d5       30%         4
 Airstrike                Air            1%         2d(1-17)  52%         4
 Animate Dead             Necr           2%         N/A       52%         4
 Dispel Undead            Necr           2%         3d7       52%         4
 Manifold Assault         Tloc           2%         N/A       52%         4
 Alistair's Intoxication  Tmut/Pois      1%         N/A       86%         5
 Borgnjor's Vile Clutch   Necr/Erth      1%         N/A       86%         5
 Starburst                Conj/Fire      6%         6d4       99%         6
 Death Channel            Necr           1%         N/A       100%        6
 Dispersal                Tloc           1%         N/A       100%        6
 Disjunction              Tloc           1%         N/A       100%        8
 Maxwell's Capacitive Co  Air            1%         ∞         100%        8


Dungeon Overview and Level Annotations

Branches:
Dungeon (15/15)            Temple (1/1) D:4            Lair (5/5) D:11
  Swamp (0/4) Lair:2        Snake (0/4) Lair:3        Slime (0/5) Lair:5
    Orc (2/2) D:11            Elf (0/3) Orc:2        Vaults (0/5) D:13
 Depths (0/4) D:15        Ossuary (visited)

Altars:
Ashenzari
Cheibriados
Dithmenos
Elyvilon
Fedhas
Gozag
Hepliaklqana
Kikubaaqudgha
Makhleb
Nemelex Xobeh
Okawaru
Qazlal
Ru
Sif Muna
Trog
Uskayaw
Vehumet
Wu Jian
Xom
Yredelemnul
Zin
The Shining One
Jiyva

Shops:
D:4 *   D:11 *

Annotations:
D:8 6 transporters, exclusion: statue
D:9 4 transporters
D:12 1 runed translucent door, exclusion: fire giant, demibob's ghost, journeyman MfCK
Lair:1 1 exclusion
Lair:2 3 runed translucent doors, Joey1's ghost, journeyman MiBe
Lair:5 1 runed translucent door


Innate Abilities, Weirdness & Mutations

You are an enormous anaconda.
You have a powerful constriction melee attack.
Your maximum health is increased.
Your armour is entirely melded.
You are incapable of wielding weapons or throwing items.
You are too large for most types of armour.
((You have claws for hands.))
Your natural rate of healing is unusually fast.
((You are covered in fur. (AC +1)))
((You have tough skin. (AC +1)))


Message History

The sun demon hits you!!
You are engulfed in flames!
As you read the scroll of teleportation {@r4}, it crumbles to dust.
You feel strangely unstable.
You constrict the sun demon! The sun demon hits you!
You are engulfed in flames!
The orc high priest misses you. The orc sorcerer closely misses you.
The orc warrior completely misses you.
Lash: -) Nothing wielded
Press: ? - help, Dir - move target, f - orc sorcerer
Aim: an orc sorcerer, wielding a +0 dagger and wearing a +0 robe (about 28% to evade your hands)
Okay, then.
You body-slam the orc high priest!!
The orc high priest is moderately wounded.
You constrict the sun demon! The sun demon hits you!
You are engulfed in flames!
The orc high priest closely misses you.
The orc sorcerer points at you and mumbles some strange words.
You suddenly lose the ability to move!
You lose your grip on the sun demon.
The orc warrior hits you from afar with a +0 glaive of freezing!
You feel yourself slow down. The orc warrior freezes you.
The sixfirhy hits you. The sixfirhy shocks you. You resist.
The sixfirhy hits you. The sixfirhy shocks you. You resist.
The sixfirhy hits you. The sixfirhy shocks you. You resist.
The sun demon hits you!
* * * LOW HITPOINT WARNING * * *
You are engulfed in flames!
* * * LOW HITPOINT WARNING * * *
The orc high priest hits you with a +0 broad axe.
* * * LOW HITPOINT WARNING * * *
The orc sorcerer hits you with a +0 dagger.
* * * LOW HITPOINT WARNING * * *
The orc warrior hits you but does no damage.
You feel yourself speed up.
The sixfirhy hits you but does no damage.
The sixfirhy hits you!
* * * LOW HITPOINT WARNING * * *
The sixfirhy shocks you. You resist.
* * * LOW HITPOINT WARNING * * *
The sixfirhy hits you but does no damage.
The sun demon hits you!
You die...

#....## . #.....#
.# #....>## ..
#......# #.
#.....### #.
##....#.## #4
##.......#
.#####3##.......##
.ooooooS3........#
.#####o##....##.##
#4 ###))..### #4
###))....## #.
#....#....# ..
#...##....# .#
#..##....## .
#..###.###
#...####


You could see an orc knight, an orc high priest, a sun demon (summoned), a
hellwing (summoned), an ice devil (summoned), a rust devil (summoned), a
sixfirhy (summoned), an orc sorcerer, 2 orc warriors and 2 orc priests.

Vanquished Creatures
  A stone giant (D:15)
  3 dire elephants (Lair:5)
  A great orb of eyes (D:13)
  Erolcha (D:10)
  A vault guard (D:13)
  5 hydras
  A centaur warrior (D:14)
  12 death yaks
  4 boulder beetles
  2 two-headed ogres
  2 tengu warriors (D:15)
  Amaemon (Lair:2)
  2 orc high priests (Orc:2)
  An obsidian statue (Lair:5)
  A lindwurm (Lair:4)
  Pikel (D:8)
  2 orc knights (Orc:2)
  3 necromancers (Lair:5)
  A deep elf pyromancer (D:7)
  6 cyclopes
  4 orc sorcerers (Orc:2)
  23 ugly things
  10 elephants
  A dire elephant zombie (Lair:5)
  4 manticores
  3 black mambas
  Joseph (D:8)
  A dire elephant skeleton (Lair:5)
  Maggie (D:9)
  4 gargoyles
  An orange demon (Lair:2)
  14 cane toads
  A torpor snail (Lair:5)
  10 rime drakes
  2 efreet
  An unseen horror (D:11)
  2 tengu conjurers (D:14)
  A kobold demonologist (D:12)
  13 komodo dragons
  6 trolls
  A spectral elephant (Lair:5)
  25 blink frogs
  13 slime creatures
  A vampire (D:11)
  2 shadows
  2 wraiths
  A wyvern (shapeshifter) (D:15)
  41 yaks
  10 wyverns
  8 basilisks
  2 death yak simulacra (Lair:5)
  9 vampire mosquitoes
  3 wargs (Orc:2)
  3 nagas (Lair:3)
  12 water moccasins
  3 acid dragons
  11 orc warriors
  A swamp drake (D:11)
  Duvessa (D:4)
  A sky beast (D:7)
  5 ogres
  4 black bears
  6 wolves (Lair:1)
  7 centaurs
  3 elephant skeletons (Lair:5)
  A lemure (D:8)
  3 kobold brigands
  11 bullfrogs
  A cane toad simulacrum (Lair:5)
  2 scorpions
  12 wights
  Dowan (D:4)
  2 elephant simulacra (Lair:5)
  11 killer bees
  3 jellies
  2 vampire bats (D:3)
  4 electric eels (D:10)
  3 howler monkeys
  A hound (D:5)
  12 orc priests
  Jessica (D:3)
  4 iguanas
  A sleepcap (D:5)
  Natasha (twice) (D:2)
  23 orc wizards
  15 hell rats
  3 mummies
  6 adders
  4 gnolls (D:3)
  5 white imps (D:5)
  4 ufetubi (D:5)
  6 dart slugs
  60 orcs
  A spectral bat (Ossuary)
  2 bat skeletons (D:3)
  3 bat zombies (D:3)
  8 endoplasms
  A giant cockroach (D:3)
  12 gnoll zombies (Ossuary)
  4 goblins
  10 hobgoblins
  6 jackals
  19 kobolds
  7 quokkas
  9 ball pythons
  5 bats
  3 bat simulacra (Ossuary)
  3 frilled lizards
  A goblin simulacrum (Ossuary)
  5 goblin zombies (Ossuary)
  6 hobgoblin zombies
  7 kobold simulacra (Ossuary)
  7 kobold zombies
  2 orc zombies (Ossuary)
  4 rats
  A rat simulacrum (Ossuary)
  8 spectral goblins (Ossuary)
  2 spectral kobolds (Ossuary)
  4 spectral rats (Ossuary)
672 creatures vanquished.

Notes
Turn   | Place    | Note
-------+----------+-------------------------------------------
     0 | D:1      | freelancePsychic the Troll Conjurer began the quest for the
                  | Orb.
     0 | D:1      | Reached XP level 1. HP: 16/16 MP: 1/1
   294 | D:1      | Reached skill level 1 in Unarmed Combat
   294 | D:1      | Reached XP level 2. HP: 25/26 MP: 2/2
   297 | D:1      | Learned a level 2 spell: Searing Ray
   424 | D:1      | Reached skill level 1 in Fighting
   481 | D:1      | Reached XP level 3. HP: 29/33 MP: 3/3
  1105 | D:2      | Identified the +6 dagger of Ryeptiga {freeze, Str+3 Int+3}
  1131 | D:2      | Reached skill level 1 in Throwing
  1162 | D:2      | Noticed Natasha
  1168 | D:2      | Killed Natasha
  1169 | D:2      | Reached XP level 4. HP: 41/41 MP: 0/4
  1596 | D:2      | Found the +7 staff of the Meek {protect, meekguard}
  2059 | D:2      | Noticed Natasha
  2064 | D:2      | Killed Natasha
  2065 | D:2      | Reached skill level 2 in Fighting
  2065 | D:2      | Reached XP level 5. HP: 49/49 MP: 0/5
  2270 | D:3      | Noticed Jessica
  2276 | D:3      | Killed Jessica
  2277 | D:3      | Reached skill level 1 in Staves
  2473 | D:3      | Found an ancient bone altar of Kikubaaqudgha.
  2498 | D:3      | Reached XP level 6. HP: 59/59 MP: 6/6
  3143 | D:4      | Noticed Dowan
  3201 | D:4      | Found a snail-covered altar of Cheibriados.
  3214 | D:4      | Became a worshipper of Cheibriados the Contemplative
  3250 | D:4      | Reached skill level 3 in Fighting
  3250 | D:4      | Reached XP level 7. HP: 60/67 MP: 7/7
  3313 | D:4      | Noticed Duvessa
  3315 | D:4      | Found a staircase to the Ecumenical Temple.
  3332 | D:4      | Killed Duvessa
  3343 | Temple   | Entered the Ecumenical Temple
  3395 | D:4      | Killed Dowan
  3575 | D:4      | Found a blossoming altar of Fedhas.
  3651 | D:4      | Found Utsocofa's General Store.
  3655 | D:4      | Bought a potion of curing for 42 gold pieces
  3746 | D:5      | Entered Level 5 of the Dungeon
  3865 | D:5      | Reached skill level 5 in Throwing
  3969 | D:5      | Reached * piety under Cheibriados
  4248 | D:5      | Reached skill level 4 in Fighting
  4248 | D:5      | Reached XP level 8. HP: 40/78 MP: 8/8
  4436 | D:5      | Reached ** piety under Cheibriados
  4437 | D:5      | Reached skill level 1 in Invocations
  4911 | D:6      | Found a hide-covered altar of Uskayaw.
  4963 | D:6      | Found a sand-covered staircase.
  4972 | Ossuary  | Entered an ossuary
  5612 | D:6      | Found a white marble altar of Elyvilon.
  5624 | D:6      | Found a bloodstained altar of Trog.
  5829 | D:6      | Reached skill level 5 in Fighting
  6354 | D:7      | Reached *** piety under Cheibriados
  6486 | D:7      | Identified the +10 mace "Ympeyt Osen" {freeze, Will+ Str+2
                  | Int-3 Dex+4}
  6531 | D:7      | Identified the ring "Goanam" {rElec rPois rCorr Str-4}
  6554 | D:7      | Reached XP level 9. HP: 66/88 MP: 10/10
  6668 | D:7      | Found a shimmering blue altar of Sif Muna.
  6774 | D:7      | Noticed a deep elf pyromancer
  6785 | D:7      | Killed a deep elf pyromancer
  7208 | D:7      | Found a stormy altar of Qazlal.
  7216 | D:7      | Reached skill level 6 in Fighting
  7342 | D:8      | Found a transporter.
  7360 | D:8      | Found a transporter.
  7606 | D:8      | Noticed Pikel
  7611 | D:8      | Killed Pikel
  7612 | D:8      | Reached skill level 5 in Invocations
  7669 | D:8      | Reached **** piety under Cheibriados
  7681 | D:8      | Found a radiant altar of Vehumet.
  7696 | D:8      | Found a transporter.
  7696 | D:8      | Found a transporter.
  7746 | D:8      | Noticed Joseph
  7757 | D:8      | Killed Joseph
  7758 | D:8      | Reached skill level 5 in Dodging
  7758 | D:8      | Reached XP level 10. HP: 96/100 MP: 13/13
  7834 | D:8      | Noticed a two-headed ogre
  7854 | D:8      | Killed a two-headed ogre
  7855 | D:8      | Reached skill level 7 in Fighting
  7983 | D:8      | Found a transporter.
  8001 | D:8      | Found a transporter.
  8264 | D:8      | Found a shadowy altar of Dithmenos.
  8352 | D:9      | Noticed Maggie
  8369 | D:9      | Killed Maggie
  8610 | D:9      | Reached skill level 1 in Shapeshifting
  9077 | D:9      | Found a transporter.
  9084 | D:9      | Found a transporter.
  9148 | D:9      | Found a transporter.
  9186 | D:9      | Found a transporter.
  9297 | D:10     | Entered Level 10 of the Dungeon
  9441 | D:10     | Reached skill level 8 in Fighting
  9441 | D:10     | Reached XP level 11. HP: 73/111 MP: 8/14
  9664 | D:10     | Noticed Erolcha
  9680 | D:10     | Killed Erolcha
  9681 | D:10     | Reached skill level 5 in Shapeshifting
 10389 | D:11     | Noticed a boulder beetle
 10403 | D:11     | Killed a boulder beetle
 10498 | D:11     | Noticed a two-headed ogre
 10507 | D:11     | Killed a two-headed ogre
 10544 | D:11     | Found a staircase to the Lair.
 10548 | D:11     | Noticed a death yak
 10548 | D:11     | Noticed a death yak
 10548 | D:11     | Noticed a death yak
 10548 | D:11     | Noticed a death yak
 10548 | D:11     | Noticed a death yak
 10549 | D:11     | Noticed a death yak
 10549 | D:11     | Noticed a death yak
 10556 | D:11     | Killed a death yak
 10556 | D:11     | Killed a death yak
 10556 | D:11     | Killed a death yak
 10556 | D:11     | Killed a death yak
 10557 | D:11     | Reached skill level 9 in Fighting
 10562 | D:11     | Killed a death yak
 10562 | D:11     | Killed a death yak
 10563 | D:11     | Reached XP level 12. HP: 123/123 MP: 10/15
 10564 | D:11     | Killed a death yak
 10565 | D:11     | Reached skill level 5 in Unarmed Combat
 10937 | D:11     | Reached ***** piety under Cheibriados
 11003 | D:11     | Found a staircase to the Orcish Mines.
 11375 | D:11     | Found Vikankywk's Island Escapes.
 11411 | D:11     | Bought a scroll of blinking for 112 gold pieces
 11411 | D:11     | Bought a scroll of teleportation for 45 gold pieces
 11411 | D:11     | Bought a scroll of teleportation for 45 gold pieces
 11727 | Lair:1   | Entered Level 1 of the Lair of Beasts
 11822 | Lair:1   | Upgraded the game from 0.31-a0-836-g3ceb0a68c4 to
                  | 0.31-a0-841-g038b102fc3
 11841 | Lair:1   | You fall into a shaft and drop 1 floor!
 11890 | Lair:2   | Found a staircase to the Swamp.
 11976 | Lair:2   | Noticed a seven-headed hydra
 12271 | Lair:2   | Killed a seven-headed hydra
 12302 | Lair:2   | Found a runed translucent gate.
 12302 | Lair:2   | Found a runed translucent gate.
 12302 | Lair:2   | Noticed a great orb of eyes
 12303 | Lair:2   | Found a runed translucent gate.
 12303 | Lair:2   | Noticed Joey1's ghost (journeyman MiBe)
 12431 | Lair:2   | Noticed Amaemon
 12457 | Lair:2   | Reached skill level 10 in Fighting
 12460 | Lair:2   | Killed Amaemon
 13184 | Lair:2   | Found a viscous altar of Jiyva.
 13434 | Lair:1   | Found a transporter.
 13537 | Lair:1   | Reached XP level 13. HP: 88/135 MP: 16/16
 13715 | Lair:1   | Found a transporter.
 14000 | Lair:1   | Reached skill level 10 in Shapeshifting
 14275 | Lair:1   | HP: 8/163 [poison (dark miasma)]
 14280 | Lair:1   | HP: 7/163 [poison (dark miasma)]
 14410 | Lair:1   | Identified the amulet "Hualaocw" {Acrobat rCorr}
 14474 | Lair:3   | Reached skill level 11 in Fighting
 14582 | Lair:3   | Found a staircase to the Snake Pit.
 16465 | Lair:5   | Entered Level 5 of the Lair of Beasts
 16474 | Lair:5   | Reached ****** piety under Cheibriados
 16707 | Lair:5   | Noticed a dire elephant
 16769 | Lair:5   | Reached skill level 10 in Unarmed Combat
 17028 | Lair:5   | Reached XP level 14. HP: 114/148 MP: 17/17
 17175 | Lair:5   | Found a runed translucent door.
 17314 | Lair:5   | Found a viscous altar of Jiyva.
 17581 | Lair:5   | Found a staircase to the Slime Pits.
 17905 | Lair:5   | Reached skill level 12 in Fighting
 19234 | D:12     | Found a runed translucent door.
 19234 | D:12     | Noticed demibob's ghost (journeyman MfCK)
 19234 | D:12     | Identified the +6 trident of Gingops {drain, rElec rC+
                  | MP-9}
 19433 | D:12     | Noticed a fire giant
 19927 | D:13     | Found a gate to the Vaults.
 19930 | D:13     | Paralysed by a great orb of eyes for 3 turns
 20024 | D:13     | Reached skill level 10 in Dodging
 20562 | D:14     | Found a broken altar of Ashenzari.
 21774 | D:15     | Entered Level 15 of the Dungeon
 21843 | D:15     | Found a sparkling altar of Nemelex Xobeh.
 21939 | D:15     | Reached XP level 15. HP: 87/158 MP: 18/18
 21956 | D:15     | Found a shadowy altar of Dithmenos.
 21956 | D:15     | Found a bloodstained altar of Trog.
 21956 | D:15     | Found a shimmering altar of Xom.
 21956 | D:15     | Found a basalt altar of Yredelemnul.
 21956 | D:15     | Found a sacrificial altar of Ru.
 21956 | D:15     | Found a shimmering blue altar of Sif Muna.
 22169 | D:15     | Found a staircase to the Depths.
 22949 | D:15     | Reached skill level 13 in Fighting
 23089 | Orc:1    | Entered Level 1 of the Orcish Mines
 23168 | Orc:2    | Entered Level 2 of the Orcish Mines
 23517 | Orc:2    | Found a staircase to the Elven Halls.
 23581 | Orc:2    | Paralysed by an orc sorcerer for 3 turns
 23583 | Orc:2    | HP: 9/190 [sixfirhy[an orc high priest] (3)]
 23583 | Orc:2    | Slain by a sun demon

Illustrated notes

Levels and vault maps discovered:
D:1:      dpeg_arrival_leaves_temple_mockup, layout_basic
D:2:      layout_basic, uniq_natasha
D:3:      layout_basic, kennysheep_vampire_church, minmay_misc_feat_alley,
          uniq_jessica
D:4:      layout_rooms, nicolae_overflow_hidden_temple, slow_altar_2,
          minmay_temple_entry_ruins, serial_shops,
          nicolae_shop_pleasant_corner_grove, nicolae_underground_beach,
          uniq_duvessa
D:5:      layout_loops_corners, serial_demonic, serial_demonic_b,
          serial_demonic_f, serial_demonic_a, serial_demonic_g,
          serial_demonic_e, serial_demonic_f, serial_demonic_a,
          chequers_arboretum, nicolae_titane
D:6:      layout_basic, nicolae_uskayaw_dance_hall, minitemple,
          nicolae_ossuary_entry_giza
D:7:      layout_layer_cave, mainiacjoe_overflow_surrounded_room, led_sif_pool,
          serial_glass, glass_columns_a, glass_columns_a, glass_columns_b,
          glass_columns_c, glass_columns_a, feat_on_display,
          minmay_strange_pillars, minmay_strange_pillars, roderic_lattice_a
D:8:      layout_gridville, vehumet_statue, grunt_dithmenos_shadows,
          hangedman_decor_riveting, serial_nicolae_subway,
          nicolae_sub_station_stone, nicolae_sub_station_metal,
          nicolae_sub_station_crystal, uniq_joseph, uniq_pikel
D:9:      layout_long_grid, nicolae_diode_intersection, uniq_maggie
D:10:     layout_irregular_city, serial_bayou, serial_bayou_ford_a,
          serial_bayou_pond_c, serial_bayou_lagoon_b, serial_bayou_pond_b,
          billiards_dpeg, uniq_erolcha
D:11:     layout_stronghold, dpeg_lair_monsters, erik_orc_1,
          nicolae_island_escapes
D:12:     layout_roguey, ebering_ghost_funeral_grove, kennysheep_just_a_vault
D:13:     layout_loops_ring, hellmonk_vaults_order_and_chaos
D:14:     layout_grid_maze, ashenzari_altar_1
D:15:     grunt_enter_depths_snipers, layout_long_grid, lemuel_doored_altar,
          special_room [special_room_mythical_zoo], dk_noncrumbling_4,
          doesnt_xom_only_xom
Temple:   nicolae_temple_godzebo
Lair:1:   gammafunk_worm_tunnel, layout_gridlike,
          hellmonk_guarded_unrand_seven_league_boots
Lair:2:   layout_cellular_growth, minmay_swamp_entry_swarm,
          gammafunk_ghost_ooze, uniq_amaemon
Lair:3:   layout_small_grid, guppyfry_snake_entry_island, lemuel_fruit_tree
Lair:4:   layout_cellular_growth, infiniplex_staircase_pool, lemuel_fruit_fields
Lair:5:   due_jungle_book, layout_cave_pods, slime_entry_2,
          serial_bayou_crossing
Orc:1:    layout_diamond_mine
Orc:2:    st_orc_elflike, layout_caves, basic_altar

Skill      XL: |  1  2  3  4  5  6  7  8  9 10 11 12 13 14 15 |
---------------+----------------------------------------------+-----
Conjurations   | 3 |  3.2
Unarmed Combat | 1 4 8 10 11 12 | 12.3
Fighting       | 1 2 3 4 5 6 8 9 10 11 12 13 | 13.1
Throwing       | 1 2 3 4 5 |  5.1
Staves         | 1 2 3 |  3.9
Invocations    | 3 5 6 |  6.3
Dodging        | 3 5 6 8 10 11 | 11.7
Shapeshifting  | 4 8 9 10 | 10.0
Stealth        | |  1.0
Spellcasting   | |  1.2

Action                     |  1- 3 |  4- 6 |  7- 9 | 10-12 | 13-15 || total
---------------------------+-------+-------+-------+-------+-------++-------
  Melee: Unarmed           |    68 |     2 |       |   190 |   822 ||  1082
         Punch             |     2 |       |       |       |       ||     2
         Quarterstaff      |       |   114 |   371 |   284 |       ||   769
         Constrict         |       |       |       |    52 |   172 ||   224
  Throw: Dart              |       |       |    32 |    36 |       ||    68
         Javelin           |       |       |     3 |     5 |       ||     8
   Cast: Magic Dart        |     2 |       |       |       |       ||     2
         Searing Ray       |     8 |    13 |     5 |       |       ||    26
 Invoke: Slouch            |       |       |       |     6 |     1 ||     7
         Step From Time    |       |       |       |     1 |       ||     1
  Evoke: Wand              |       |       |     1 |    17 |       ||    18
    Use: Scroll            |     3 |       |     8 |     9 |    16 ||    36
         Potion            |       |       |       |     4 |     7 ||    11
   Stab: Sleeping          |     2 |     2 |     2 |     1 |    11 ||    18
         Distracted        |       |       |     1 |     2 |     1 ||     4
         Invisible         |       |       |       |       |     4 ||     4
 Armour: Robe              |    49 |   112 |   330 |    38 |       ||   529
         Acid dragon scale |       |       |       |   284 |       ||   284
         Skin              |       |       |       |   239 |   589 ||   828
  Dodge: Dodged            |    34 |    73 |   223 |   397 |   570 ||  1297
   Form: Anaconda          |       |       |       |     1 |     1 ||     2
         Blade             |       |       |       |       |     1 ||     1

Table legend: (Time is in decaauts)
 A = Elapsed time spent in this place.
 B = Non-inter-level travel time spent in this place.
 C = Inter-level travel time spent in this place.
 D = Time resting spent in this place.
 E = Time spent auto-exploring this place.
 F = Levels seen in this place.
 G = Mean time per level.
                   A        B        C        D        E       F      G
               +--------+--------+--------+--------+--------+-----+--------+
         Total |  34233 |  32575 |   1658 |    583 |  26976 |  24 | 1426.4 |
       Dungeon |  22030 |  20886 |   1144 |    239 |  17464 |  15 | 1468.7 |
        Temple |     45 |     45 |      0 |     44 |      0 |   1 |   45.0 |
          Lair |  10962 |  10469 |    493 |    300 |   8774 |   5 | 2192.4 |
  Orcish Mines |    763 |    743 |     20 |      0 |    572 |   2 |  381.5 |
       Ossuary |    432 |    432 |      0 |      0 |    165 |   1 |  432.0 |
               +--------+--------+--------+--------+--------+-----+--------+

Top non-repeatable levels by time:
  Lair:5: 3372 daAuts
  Lair:2: 2317 daAuts
    D:11: 2266 daAuts
    D:14: 2021 daAuts
    D:12: 1857 daAuts
    D:15: 1854 daAuts
  Lair:1: 1845 daAuts
  Lair:4: 1769 daAuts
  Lair:3: 1658 daAuts
     D:6: 1572 daAuts
     D:5: 1544 daAuts
    D:10: 1495 daAuts
     D:7: 1474 daAuts
     D:9: 1443 daAuts
     D:8: 1424 daAuts
